 Dungeon Crawl Stone Soup version 0.28.0 (webtiles) character file.

Game seed: 15605067155193660164

11 Angani the Sneak (level 2, -4/27 HPs)
             Began as a Draconian Delver on Feb 14, 2022.
             Splashed by a jelly's acid (8 damage)
             ... on level 3 of the Dungeon.
             The game lasted 00:01:11 (486 turns).

Angani the Sneak (Draconian Delver)                  Turns: 486, Time: 00:01:12

Health: -4/27      AC: -12   Str: 14    XL:     2   Next: 17%
Magic:  2/2        EV: 12    Int: 10    God:
Gold:   82         SH:  0    Dex: 12    Spells: 1/1 levels left

rFire   . . .      SeeInvis .   a - +0 spear
rCold   . . .      Faith    .   (no shield)
rNeg    . . .      Spirit   .   (armour unavailable)
rPois   .          Reflect  .   (helmet restricted)
rElec   .          Harm     .   (no cloak)
rCorr   .          Rampage  .   (no gloves)
Will    .....                   (no boots)
Stlth   +++.......              (no amulet)
HPRegen 0.09/turn               (no ring)
MPRegen 0.08/turn               (no ring)

@: corroded
A: AC +4, unfitting armour, cold-blooded
a: no special abilities


You were on level 3 of the Dungeon.
You visited 1 branch of the dungeon, and saw 3 of its levels.

You collected 82 gold pieces.

Inventory:

Hand Weapons
 a - a +0 spear (weapon)
Missiles
 i - a poisoned dart (quivered)
Wands
 f - a wand of digging (3)
 g - a wand of polymorph (6)
Scrolls
 b - a scroll of fog
 c - a scroll of noise {unknown}
 d - a scroll of fear
 j - a scroll of teleportation {unknown}
 k - a scroll of amnesia {unknown}
Potions
 e - a potion of haste
 h - a potion of might {unknown}


   Skills:
 + Level 3.7 Fighting
 + Level 2.4 Polearms
 - Level 1.7 Dodging
 - Level 4.5 Stealth


You had one spell level left.
You didn't know any spells.
Your spell library was empty.

Dungeon Overview and Level Annotations

Branches:
Dungeon (5/15)
 Temple: D:4-7

Altars:

Shops:
D:4 =


Innate Abilities, Weirdness & Mutations

Your plain brown scales are hard. (AC +4)
You cannot fit into any form of body armour.
You are cold-blooded and may be slowed by cold attacks.


Message History

The kobold shouts!
The kobold throws a stone.
The stone closely misses you.
You feel a bit more experienced.
Throw: 5 darts (poison)
Press: ? - help, Q - select action, (/) - cycle Shift-Dir - straight line, f - jelly
Aim: a jelly (wandering, hasn't noticed you, 89% to hit)
You throw a poisoned dart. The poisoned dart hits the jelly.
The jelly quivers.
Throw: 4 darts (poison)
Press: ? - help, Q - select action, (/) - cycle Shift-Dir - straight line, f/p - jelly
Aim: a jelly (89% to hit)
You throw a poisoned dart. The poisoned dart hits the jelly.
Throw: 3 darts (poison)
Press: ? - help, Q - select action, (/) - cycle Shift-Dir - straight line, f/p - jelly
Aim: a jelly (89% to hit)
You throw a poisoned dart. The poisoned dart hits the jelly.
The jelly is poisoned.
You hit the jelly.
Your hands burn!
The jelly is lightly wounded.
The jelly barely misses you.
You hit the jelly. The acid corrodes you!
Your hands burn!
The jelly is moderately wounded.
The jelly closely misses you.
You hit the jelly. The acid corrodes you!
Your hands burn!
The jelly is moderately wounded.
The jelly looks more healthy.
The jelly barely misses you.
You hit the jelly but do no damage.
Your hands burn!
You tail-slap the jelly.
The jelly is heavily wounded.
The jelly hits you. The acid corrodes you!
You are splashed with acid!
* * * LOW HITPOINT WARNING * * *
The jelly jiggles.
Throw: 2 darts (poison)
Press: ? - help, Q - select action, (/) - cycle Shift-Dir - straight line, f/p - jelly
Aim: a jelly (heavily wounded, 89% to hit)
You throw a poisoned dart. The poisoned dart hits the jelly.
The jelly is heavily wounded.
The jelly hits you.
* * * LOW HITPOINT WARNING * * *
The acid corrodes you!
You are splashed with acid!
You die...

#. ...= #. #..#
#. #..# #.
####..### #.
#.....J. #.
#.##..#
#.###.##..#####.
#.@J..(.((.).(..
#####.##########
#.# #.###### ##+
#......# ##..
######.# ##...
##.#.# ##....
####....###.....
.....[....'.....


You could see a jelly.

Vanquished Creatures
  A worm (D:4)
  A giant cockroach (D:4)
  A goblin (D:3)
  A hobgoblin (D:3)
  A kobold (D:3)
  2 ball pythons
  2 bats (D:3)
9 creatures vanquished.

Notes
Turn   | Place    | Note
-------+----------+-------------------------------------------
     0 | D:5      | Angani the Draconian Delver began the quest for the Orb.
     0 | D:5      | Reached XP level 1. HP: 19/19 MP: 1/1
    49 | D:5      | Noticed a black bear
    52 | D:4      | Found Ciugg's Jewellery Boutique.
   323 | D:3      | Reached XP level 2. HP: 26/26 MP: 2/2
   486 | D:3      | Splashed by a jelly's acid

Illustrated notes

Levels and vault maps discovered:
D:3:      layout_loops_corners, ebering_ghost_gozag, dk_noncrumbling_4,
          minmay_close_crescents
D:4:      layout_rooms, serial_shops, shop_fountains, shop,
          nicolae_shop_bloodbath_and_beyond, nrook_campfire
D:5:      minmay_clustersquares, layout_loops_ring, uniq_grinder, uniq_edmund

Action                   || total
-------------------------++-------
Melee: Spear             ||    33
       Tailslap          ||     3
       Punch             ||     1
Throw: Dart              ||     5
  Use: Scroll            ||     1
Armor: Skin              ||     6
Dodge: Dodged            ||    19
